 Dungeon Crawl Stone Soup version 0.31-a0-496-g6f97920a28 (webtiles) character file.

Game seed: 2615145618671092927

1718614 MackTheKnife the Wrestler (level 24, 357/357 HPs)
             Began as a Demonspawn Shapeshifter on Aug 8, 2023.
             Was an Initiate of Gozag.
             Escaped with the Orb
             ... and 3 runes!
             The game lasted 01:37:57 (59656 turns).

MackTheKnife the Wrestler (DsSh)                   Turns: 59656, Time: 01:37:58

Health: 357/357    AC: 46    Str: 28    XL:     24   Next: 1%
Magic:  23/23      EV: 23    Int: 10    God:    Gozag
Gold:   3656       SH:  9    Dex: 21    Spells: 23/23 levels left

rFire   + +          .
                       - Unarmed
rCold   + . .        (no shield)
rNeg    + + +        A - melded +4 ring mail {rF+}
rPois   ∞            C - +1 helmet
rElec   +            Q - +2 cloak {rPois}
rCorr   .            (gloves unavailable)
SInv    .            K - melded +2 pair of boots {rampage}
Will    ++...        V - amulet "Racsyc" {Reflect Will+ SH+5}
Stlth   +            O - ring of Intercession {rF++ rC+ Will- Str+6}
HPRegen 0.79/turn    e - ring "Gaxirysm" {rN++ Will+ Dex+2 Stlth+}
MPRegen 0.18/turn

%: reflection
@: statue-form, very slow
A: slow and powerful, torment resistance 1, boosted hp, slimy green scales 3,
foul stench 3, icemail 2, robust 3, condensation shield, demonic touch 3,
mutation resistance 1, poison resistance, wild magic 1, no potion heal 1
0: Orb of Zot
}: 3/15 runes: decaying, serpentine, silver
a: Begin Untransformation, Renounce Religion, Potion Petition, Call Merchant,
Bribe Branch


You escaped.
You worshipped Gozag.
Gozag was most pleased with you.
You were a living statue of rough stone.
You visited 9 branches of the dungeon, and saw 45 of its levels.
You visited 1 bazaar.
You also visited: Sewer, Gauntlet, Ice Cave and Wizlab.

You collected 25363 gold pieces.
You spent 7385 gold pieces at shops.
You paid 14322 gold pieces to Gozag.


Innate Abilities, Weirdness & Mutations

You are a living statue of rough stone.
Your actions are slow, but your melee attacks are powerful.
You are resistant to unholy torment.
Your maximum health is greatly increased.
Your equipment is partially melded.
You are immune to poison.
(You are completely covered in slimy green scales. (AC +4, rPois))
You frequently emit foul miasma when damaged in melee.
A meltable icy envelope protects you from harm. (AC +8)
You are extremely robust. (+30% HP)
A meltable shield of frost defends you. (SH +4)
Your touch may irresistibly damage your foes and sap their willpower.
You are somewhat resistant to further mutation.
Your system is resistant to poisons. (rPois)
Your spells are a little harder to cast, but a little more powerful.
Potions are less effective at restoring your health.


   Skills:
 - Level 22.7 Fighting
 - Level 16.0 Armour
 - Level 15.0 Dodging
 + Level 23.0 Unarmed Combat
 - Level 14.8 Evocations
 - Level 18.4 Shapeshifting


You had 23 spell levels left.
You didn't know any spells.
Your spell library contained the following spells:

 Spells                   Type           Power      Damage    Failure   Level
 Apportation              Tloc           0%         N/A       45%         1
 Kiss of Death            Conj/Necr      0%         2d5       45%         1
 Magic Dart               Conj           0%         1d3       45%         1
 Necrotise                Necr           0%         1d4       45%         1
 Shock                    Conj/Air       0%         1d3       45%         1
 Slow                     Hex            0%         N/A       45%         1
 Summon Small Mammal      Summ           0%         N/A       45%         1
 Blink                    Tloc           0%         N/A       58%         2
 Call Imp                 Summ           0%         N/A       58%         2
 Cigotuvi's Dreadful Rot  Necr/Pois/Air  0%         N/A       58%         2
 Lesser Beckoning         Tloc           0%         N/A       58%         2
 Momentum Strike          Conj/Tloc      0%         3d8       58%         2
 Poisonous Vapours        Pois/Air       0%         N/A       58%         2
 Static Discharge         Conj/Air       0%         2-2/arc   58%         2
 Wereblood                Tmut           0%         N/A       58%         2
 Confusing Touch          Hex            0%         N/A       82%         3
 Dazzling Flash           Conj/Hex       0%         N/A       82%         3
 Ignite Poison            Fire/Tmut/Pois 0%         N/A       82%         3
 Inner Flame              Hex/Fire       0%         N/A       82%         3
 Mephitic Cloud           Conj/Pois/Air  0%         N/A       82%         3
 Summon Guardian Golem    Hex/Summ       0%         N/A       82%         3
 Swiftness                Air            0%         N/A       82%         3
 Tukima's Dance           Hex            0%         N/A       82%         3
 Vampiric Draining        Necr           0%         2d6       82%         3
 Vhi's Electric Charge    Tloc/Air       0%         N/A       82%         3
 Volatile Blastmotes      Fire/Tloc      0%         2d10      82%         3
 Airstrike                Air            0%         2d(0-16)  99%         4
 Dispel Undead            Necr           0%         3d6       99%         4
 Manifold Assault         Tloc           0%         N/A       99%         4
 Passage of Golubria      Tloc           0%         N/A       99%         4
 Sticky Flame             Conj/Fire      0%         2d3       99%         4
 Summon Ice Beast         Ice/Summ       0%         N/A       99%         4
 Summon Lightning Spire   Summ/Air       0%         N/A       99%         4
 Arcjolt                  Conj/Air       0%         1d10      100%        5
 Borgnjor's Vile Clutch   Necr/Erth      0%         N/A       100%        5
 Freezing Cloud           Conj/Ice/Air   0%         6-21      100%        5
 Silence                  Hex/Air        0%         N/A       100%        5
 Summon Mana Viper        Hex/Summ       0%         N/A       100%        5
 Yara's Violent Unravell  Hex/Tmut       0%         3d3       100%        5
 Death Channel            Necr           0%         N/A       100%        6
 Plasma Beam              Fire/Air       0%         2x1d10    100%        6
 Starburst                Conj/Fire      0%         6d3       100%        6
 Enfeeble                 Hex            0%         N/A       100%        7
 Haunt                    Necr/Summ      0%         N/A       100%        7
 Monstrous Menagerie      Summ           0%         N/A       100%        7
 Orb of Destruction       Conj           0%         9d5       100%        7
 Spellforged Servitor     Conj/Summ      0%         N/A       100%        7
 Summon Hydra             Summ           0%         N/A       100%        7
 Borgnjor's Revivificati  Necr           0%         N/A       100%        8
 Ignition                 Fire           0%         3d3       100%        8
 Infestation              Necr           0%         N/A       100%        8
 Lehudib's Crystal Spear  Conj/Erth      0%         10d2      100%        8
 Maxwell's Capacitive Co  Air            0%         ∞         100%        8
 Death's Door             Necr           0%         N/A       100%        9
 Sublimation of Blood     Necr           Unusable   N/A       N/A         2
 Animate Dead             Necr           Unusable   N/A       N/A         4

Inventory:

Armour
 A - a +4 ring mail of fire resistance (melded)
   (You bought it in a shop on level 4 of the Dungeon)
 C - a +1 helmet (worn)
   (You found it on level 5 of the Dungeon)
 K - a +2 pair of boots of rampaging (melded)
   (You bought it in a shop in a bazaar)
 Q - a +2 cloak of poison resistance (worn)
   (You took it off Nikola on level 1 of the Snake Pit)
Jewellery
 a - a +4 ring of protection
   (You took it off a tengu reaver on level 5 of the Vaults)
 c - a +5 ring of evasion
   (You took it off a vault sentinel on level 5 of the Vaults)
 d - a ring of poison resistance
   (You took it off a vault sentinel on level 5 of the Vaults)
 e - the ring "Gaxirysm" (right fist) {rN++ Will+ Dex+2 Stlth+}
   (You found it in a Gauntlet)

   [ring of willpower]

   Dex:       It affects your dexterity (+2).
   rN:        It greatly protects you from negative energy.
   Will:      It increases your willpower.
   Stlth:     It makes you more stealthy.
 D - a ring of flight
   (You found it on level 6 of the Dungeon)
 J - a +8 ring of evasion
   (You bought it in a shop on level 4 of the Snake Pit)
 M - a ring of willpower
   (You took it off an ironbound preserver on level 5 of the Vaults)
 O - the ring of Intercession (left fist) {rF++ rC+ Will- Str+6}
   (You bought it in a shop on level 1 of the Depths)

   [ring of protection from cold]

   Str:       It affects your strength (+6).
   rF:        It greatly protects you from fire.
   rC:        It protects you from cold.
   Will:      It decreases your willpower.
 U - the ring "Wasuufas" {rPois Will+ Str-5 SInv}
   (You found it on level 4 of the Vaults)

   [ring of see invisible]

   Str:       It affects your strength (-5).
   rPois:     It protects you from poison.
   SInv:      It lets you see invisible.
   Will:      It increases your willpower.
 V - the amulet "Racsyc" (around neck) {Reflect Will+ SH+5}
   (You took it off a deep elf high priest on level 5 of the Vaults)

   [amulet of reflection]

   It reflects blocked missile attacks.
   SH:        It affects your SH (+5).
   Will:      It increases your willpower.
 Y - a ring of protection from cold
   (You found it on level 3 of the Snake Pit)
 Z - a ring of protection from fire
   (You took it off a salamander on level 2 of the Snake Pit)
Talismans
 h - a serpent talisman
   (You found it on level 10 of the Dungeon)
 r - a dragon-blood talisman
   (You found it in a Gauntlet)
 x - a granite talisman (active)
   (You bought it in a shop on level 1 of the Depths)
 S - a maw talisman
   (You took it off Rupert on level 12 of the Dungeon)
Wands
 n - a wand of charming (44)
   (You found it on level 10 of the Dungeon)
 w - a wand of polymorph (16)
   (You found it on level 3 of the Dungeon)
 F - a wand of digging (4)
   (You found it on level 2 of the Vaults)
 N - a wand of light (16)
   (You found it on level 3 of the Vaults)
 X - a wand of roots (14)
   (You found it on level 15 of the Dungeon)
Scrolls
 b - 2 scrolls of silence {!r}
 k - 7 scrolls of enchant armour
 o - 11 scrolls of blinking {!r}
 q - 7 scrolls of teleportation {@r4}
 s - 4 scrolls of fear
 y - 10 scrolls of vulnerability {!r!r}
 z - 6 scrolls of poison
 B - 5 scrolls of fog
 H - 5 scrolls of immolation {!r!r}
 T - 2 scrolls of summoning
Potions
 f - 9 potions of enlightenment
 g - a potion of might
 j - 6 potions of cancellation
 m - 16 potions of curing {@q1}
 p - 2 potions of resistance
 u - 4 potions of haste {@q3}
 v - 6 potions of magic
 G - 7 potions of mutation {!q}
 I - a potion of berserk rage {!q}
 P - 7 potions of attraction {!q}
 R - 5 potions of heal wounds {@q2}
 W - 5 potions of lignification {!q}
Miscellaneous
 i - a phantom mirror
   (You bought it in a shop on level 5 of the Lair of Beasts)
 t - a sack of spiders
   (You found it in a Gauntlet)
 E - a lightning rod (4/4)
   (You found it in a Gauntlet)
 L - a phial of floods
   (You found it in a Gauntlet)

Dungeon Overview and Level Annotations

Branches:
Dungeon (15/15)            Temple (1/1) D:4            Lair (5/5) D:10
  Swamp (4/4) Lair:3        Snake (4/4) Lair:3        Slime (0/5) Lair:4
    Orc (2/2) D:9             Elf (0/3) Orc:2        Vaults (5/5) D:14
  Crypt (0/3) Vaults:3     Depths (4/4) D:15            Zot (5/5) Depths:4
  Sewer (visited)           IceCv (visited)          WizLab (visited)
Gauntlet (visited)

Altars:
Ashenzari
Cheibriados
Dithmenos
Fedhas
Gozag
Hepliaklqana
Kikubaaqudgha
Makhleb
Nemelex Xobeh
Okawaru
Qazlal
Ru
Sif Muna
Trog
Uskayaw
Vehumet
Wu Jian
Xom
Yredelemnul

Shops:
D:4 [(   D:11 *   Orc:2 :=*(*   Lair:4 ?*?   Lair:5 *   Swamp:4 ?   Snake:3 ??
Snake:4 *=   Vaults:1 !   Vaults:3 [   Depths:1 =   Depths:4 ?(:(

Portals:
Hell: Depths:1 Depths:2 Depths:3 Depths:4
Abyss: Depths:3 Depths:4
Pandemonium: Orc:2 Depths:2 Depths:3 Depths:4
Ziggurat: Depths:1

Annotations:
D:8 1 runed translucent door, Reshi88's ghost, novice FoFi
Swamp:2 1 runed translucent door, Qiekomn's ghost, journeyman DsBe
Snake:2 3 runed translucent doors, Zonian's ghost, adept HOFi
Snake:3 Vashnia
Snake:4 Roxanne
Depths:4 exclusions: 2 draconian stormcallers and 1 more exclusion
Zot:2 exclusion: upstairs
Zot:4 exclusion: upstairs
Zot:5 exclusions: 2 upstairs and 1 more exclusion

##########..............########
8#.......###...................##
##.......# #####.######..#####...
#........# #~~~♣~♣~~~~#..........
#........# #~.P...P..~####...####
#........###~PPP.PPP.~# ##...#
#.........##~.P...P..~# #...#####
####.......#♣.......♣♣###>......>
#........~...8.........##.....
####.......#♣.......♣♣#..........
....#......#~.♣...P..~#...#######
..)........#~♣♣♣.PPP.~#.### #####
...........#~.♣...P..~#.#####....
...........#~~~♣~♣~~~~#.#........
...........#####.######..........
.................(...............
##...##..###..##.....####........


There were no monsters in sight!


Message History

😕 HP[+1] 😕 HP[+1]
There is a stone staircase leading up here. 😕 HP[+1]
You climb upwards.
There is a stone staircase leading down here. 😕 HP[+3]
You regained 3 hp, and now have 319/345 hp.
What level of the Dungeon? (default 1, ? - help)
There is an open door here. 2 hell hogs come into view. 😕 HP[+6]
You regained 6 hp, and now have 325/345 hp.
A hell hog comes into view.
The hell hog squeals angrily. x3
There is an open door here. 😕 HP[+1]
You pummel the hell hog like a punching bag!!!
You touch the hell hog!
You kill the hell hog!
Your Unarmed Combat skill increases to level 23!
You have reached level 24!
You feel clever. 😕 HP[+12]
You now have 357 max hp (+12).
You regained 12 hp, and now have 338/357 hp. 😕 HP[+2]
You regained 2 hp, and now have 340/357 hp.
The hell hog breathes fire at you.
The fireball explodes!
The fireball engulfs you!
Your icy defences dissipate!
You resist.
The fireball engulfs the hell hog.
The hell hog completely resists. 😕 HP[-6]
You take 6 damage, and now have 334/357 hp.
The hell hog breathes fire at you.
The fireball explodes!
The fireball engulfs you but does no damage.
The fireball engulfs the hell hog.
The hell hog completely resists. 😕 HP[+1]
You pummel the hell hog!! You punch the hell hog!!
The hell hog barely misses you. 😕 HP[+1]
You punch the hell hog!
You kill the hell hog!
The hell hog breathes fire at you.
The fireball explodes!
The fireball engulfs you but does no damage.
The fireball engulfs the hell hog.
The hell hog completely resists.
You pulverise the hell hog!!!!
You kill the hell hog! 😕 HP[+1] No target in view!
No target in view!
No target in view!
You now have 3656 gold pieces (gained 5). 😕 HP[+2]
You regained 2 hp, and now have 339/357 hp. 😕 HP[+2]
You regained 2 hp, and now have 341/357 hp. 😕 HP[+1] 😕 HP[+1]
You feel a little less mighty now. 😕 HP[+1] 😕 HP[+1] 😕 HP[+1]
There is a stone staircase leading up here. 😕 HP[+2]
You regained 2 hp, and now have 348/357 hp.
You climb upwards.
There is a stone staircase leading down here. 😕 HP[+3]
You regained 3 hp, and now have 351/357 hp.
What level of the Dungeon? (default 1, ? - help)
Items here: )))) [.
Your icy envelope is restored.
There is a stone staircase leading up here.
You climb upwards.
There is a stone staircase leading down here.
You see here a +0 spear {polearm}.
Things that are here:
a +0 spear {polearm}; a +0 spear {polearm}
There is a stone staircase leading up, spattered with blood here.
Things that are here:
12 stones {throwing}; a +0 flail {mace} You climb upwards.
There is a stone staircase leading down here.
There is a stone staircase leading up here.
You climb upwards.
There is a stone staircase leading down here.
There is a stone staircase leading up here.
You climb upwards.
There is a stone staircase leading down here. 😎 HP[+6]
Your hp is fully restored (357).
You enter the shallow water.
Moving in this stuff is going to be slow.
There is a staircase leading out of the dungeon here.
Okay, then.
Unknown command.
You have escaped!

Skill      XL: |  1  2  3  4  5  6  7  8  9 10 11 12 13 14 15 16 17 18 19 20 21 22 23 |
---------------+----------------------------------------------------------------------+-----
Unarmed Combat | 3 4 6 9 10 11 14 17 18 20 22 23 | 23.0
Fighting       | 2 3 4 5 7 9 10 11 12 13 14 15 18 20 22 | 22.7
Dodging        | 2 3 4 5 7 8 9 12 14 15 | 15.0
Armour         | 3 6 7 10 11 16 | 16.0
Shapeshifting  | 7 10 11 14 17 18 | 18.4
Evocations     | 5 6 11 14 | 14.8

Action                     |  1- 3 |  4- 6 |  7- 9 | 10-12 | 13-15 | 16-18 | 19-21 | 22-24 || total
---------------------------+-------+-------+-------+-------+-------+-------+-------+-------++-------
  Melee: Unarmed           |   111 |    83 |   163 |   504 |  1035 |  1360 |  1330 |   682 ||  5268
         Punch             |     1 |     3 |     8 |    25 |   105 |   179 |   263 |   108 ||   692
         Short sword       |       |   114 |    65 |       |       |       |       |       ||   179
         Touch             |       |    11 |    42 |   110 |   278 |   296 |   329 |   120 ||  1186
         Constrict         |       |       |       |    12 |       |    36 |       |       ||    48
         Maw               |       |       |       |       |    23 |   172 |   315 |       ||   510
         Bite              |       |       |       |       |       |     7 |       |       ||     7
         Tailslap          |       |       |       |       |       |     6 |       |       ||     6
 Invoke: Call Merchant     |       |       |     1 |       |     4 |     2 |     1 |       ||     8
         Bribe Branch      |       |       |       |       |       |       |       |     2 ||     2
  Evoke: Wand              |       |       |       |     1 |    22 |    22 |     3 |       ||    48
         Lightning rod     |       |       |       |       |     5 |     4 |       |       ||     9
         Phantom mirror    |       |       |       |       |     1 |     1 |       |       ||     2
    Use: Scroll            |       |     7 |     5 |     7 |    21 |    14 |     6 |     6 ||    66
         Potion            |       |     1 |       |     6 |       |     5 |     2 |    10 ||    24
   Stab: Sleeping          |     1 |       |     1 |     2 |     9 |    13 |     4 |     3 ||    33
         Distracted        |       |       |     1 |     1 |     7 |     8 |    20 |    10 ||    47
         Invisible         |       |       |       |     2 |     2 |       |       |       ||     4
         Confused          |       |       |       |       |       |       |       |     3 ||     3
 Armour: Animal skin       |    12 |       |       |       |       |       |       |       ||    12
         Ring mail         |    10 |    76 |    68 |   145 |   261 |   103 |       |       ||   663
         Skin              |       |    64 |       |    13 |    17 |   134 |   332 |   401 ||   961
  Dodge: Dodged            |    67 |   140 |    71 |   364 |   638 |  1110 |  1361 |   837 ||  4588
  Block: Other             |     5 |    63 |    25 |    62 |   138 |   139 |   216 |   315 ||   963
         Reflection        |       |       |       |       |       |       |     2 |     9 ||    11
   Form: Anaconda          |       |       |       |     2 |       |     2 |       |       ||     4
         Beast             |       |       |       |     1 |     3 |     2 |       |       ||     6
                           |       |       |       |       |     1 |     2 |       |       ||     3
         Maw               |       |       |       |       |     1 |     3 |       |       ||     4
         Dragon            |       |       |       |       |       |     1 |       |       ||     1
         Statue            |       |       |       |       |       |       |     1 |       ||     1

Levels and vault maps discovered:
D:1:      ldierk_walled_garden, layout_rooms, serial_corexii_hall,
          corexii_hall_statues_l, corexii_hall_statues_x,
          corexii_hall_statues_s, corexii_hall_statues_u,
          corexii_hall_statues_i, chequers_hall_statues_y,
          dilly_ecumenical_altar_fadedgnrine
D:2:      layout_loops_ring, uniq_natasha
D:3:      layout_loops_ring, lemuel_doored_altar, kiku_gazebo_garden_becter,
          gup_sewer_entry_bowl, solitary_fountain
D:4:      layout_basic, kennysheep_mini, minmay_temple_entry_large_hall,
          serial_shops, kennysheep_mini_moat
D:5:      layout_basic, marbit_many_paths, nicolae_overflow_two_pavilions
D:6:      layout_basic, led_sif_pool
D:7:      layout_basic
D:8:      minmay_s_stair_smasher, layout_loops_corners, dk_yredelemnul_ordeal,
          gammafunk_ghost_berserking_beasts
D:9:      layout_roguey, mainiacjoe_overflow_brackets, orc_0_dummy
D:10:     layout_roguey, minmay_lair_entry_grove, hangedman_fish_farm,
          uniq_nergalle
D:11:     layout_roguey, serial_shops, shop, uniq_sonja
D:12:     layout_stronghold, corexii_checkpoint_a, uniq_gastronok, uniq_rupert
D:13:     layout_roguey, minmay_fire_ice_demons
D:14:     layout_stronghold, erik_vaults_2, portal_ice_cave_entry_pillars_2,
          hangedman_abyss_or_decor_lesser_grid, minmay_crystal_room
D:15:     gammafunk_depths_entry_grave, layout_irregular_city,
          serial_column_ruins, column_ruins_hut_ruined, column_ruins_hut_ruined,
          column_ruins_open_medium_water, column_ruins_columns_corner,
          column_ruins_grid_2, column_ruins_corridor_dead_end,
          column_ruins_grid_4, uniq_azrael
Temple:   cyrus_circular_temple
Lair:1:   layout_cave_pods, uniq_grum
Lair:2:   layout_regular_city, uniq_amaemon
Lair:3:   layout_roguey, skrybe_swamp_entry_bodies,
          nicolae_snake_entry_warm_welcome, gauntlet_entry_generic,
          lemuel_fruit_tree, infiniplex_staircase_pool, grunt_megastairs_4
Lair:4:   layout_gridlike, dpeg_slime_entry_enclosed,
          chequers_serial_rivers_small_b, serial_bayou_shore_b
Lair:5:   evilmike_catoblepas_cave, layout_cave_pods, nicolae_lair_liquid_snakes
Swamp:1:  layout_basic_swamp, hangedman_swamp_ruin_wall, swamp_pool4,
          nicolae_swamp_bean_lake
Swamp:2:  layout_basic_swamp, gammafunk_ghost_grave, hangedman_swamp_ruin_hall,
          nicolae_swamp_nymph_family_reunion
Swamp:3:  layout_basic_swamp, evilmike_swamp_ruin_house_3
Swamp:4:  swamp_icy, layout_basic_swamp, swamp_pool3,
          nicolae_swamp_tree_designs, uniq_donald
Snake:1:  layout_onion_interference, serial_bayou_pond_d, uniq_nikola,
          uniq_frances
Snake:2:  layout_gridlike, serial_shops, bzr_entry_safe, gammafunk_ghost_split,
          nicolae_triple_integral
Snake:3:  layout_rooms, drop_trap, serial_bayou_shore_a, minmay_shoptagon,
          uniq_asterion, uniq_vashnia
Snake:4:  snake_pit_salamanders_mu, layout_misc_corridors,
          nicolae_shop_unique_rings, nicolae_snake_squiggles, uniq_roxanne,
          uniq_saint_roka, uniq_agnes
Orc:1:    layout_diamond_mine, basic_altar
Orc:2:    pf_orc_diabolical, layout_diamond_mine, nicolae_shop_self_help
Vaults:1: st_spiral_rooms, nicolae_vaults_diamond_2, grunt_vaults_hallway_short,
          nicolae_vaults_heart-shaped_vault,
          nicolae_vaults_variable_pillar_hall_cross,
          nicolae_vaults_trapezoid_lopsided_1, ontoclasm_vaults_loading_screen,
          nicolae_vaults_little_squares_4, layout_vaults_omnigrid, serial_shops,
          nicolae_shop_advertising_works [nicolae_subvault_shop_adworks]
Vaults:2: nicolae_vaults_back_hallway, hangedman_vaults_cutoff,
          nicolae_vaults_spaceships, vaults_room_semicircle,
          nicolae_vaults_yaktaur_gun_rack, nicolae_vaults_little_ls,
          vaults_room_octagon, v_misc_13, serial_ice_h, v_misc_19,
          nicolae_vaults_weapon_check, v_pattern_1,
          vaults_room_grunt_arrival_ludios, layout_vaults_maze_bifur
Vaults:3: infiniplex_enter_wizlab_water, nicolae_vaults_shipping_containers_2,
          nicolae_vaults_closet_pinwheel_4, nicolae_vaults_border_crossing,
          vaults_standard_mumra_lines, v_misc_18,
          nicolae_vaults_ellipses_ellipsis, vaults_dpeg_emergency_exit,
          nicolae_vaults_asterisk, minmay_crypt_entry_necro_gods,
          layout_vaults_omnibox, serial_shops, shop
Vaults:4: v_pattern_3, nicolae_vaults_turnstiles, nicolae_vaults_mitosis,
          vaults_room_ringed_pool, nicolae_vaults_meiosis, nicolae_vaults_heist,
          nicolae_vaults_little_squares_6, v_misc_4, nicolae_vaults_diamond_2,
          vaults_dpeg_diagonal, layout_vaults_omnicross
Vaults:5: serial_shops
Depths:1: layout_roguey, enter_ziggurat_c, hell_entry, kennysheep_cross_landing,
          nicolae_uskayaw_dance_hall
Depths:2: evilmike_wizard_prison, layout_gridville, tso_metal_star, hell_entry,
          grunt_pan_entry_zigzag, infiniplex_staircase_squiggle
Depths:3: minmay_inside_and_out, layout_cave_shapes,
          abyss_entry_small_statue_room, pan_entry, hell_entry,
          nicolae_gozag_seed_capital, infiniplex_staircase_pool_2
Depths:4: evilmike_zot_entry_argh, layout_cross, serial_shops,
          nicolae_shop_tiny_waterfront, nicolae_shop_behind_doors,
          nicolae_shop_tiny_glass, shop, shop, hell_entry, moated_statue,
          minmay_room_of_horrors, rand_demon_pan_entry_9
Zot:1:    lemuel_halls_of_wrath, layout_cathedral_of_symmetry,
          hangedman_zot_decor_scrapings, grunt_megastairs_5
Zot:2:    gammafunk_its_a_trap, layout_misc_corridors, gammafunk_ghost_ooze,
          grunt_megastairs_3
Zot:3:    layout_basic, st_grand_hoard_of_tiamat
Zot:4:    layout_basic
Zot:5:    layout_gridlike, grunt_ministairs_11, hangedman_zot_decor_tridents

Notes
Turn   | Place    | Note
-------+----------+-------------------------------------------
     0 | D:1      | MackTheKnife the Demonspawn Shapeshifter began the quest
                  | for the Orb.
     0 | D:1      | Reached XP level 1. HP: 15/15 MP: 1/1
     0 | D:1      | magus.rc [v1.9.6]
   161 | D:1      | Reached skill level 3 in Unarmed Combat
   173 | D:1      | Gained mutation: You may rarely emit foul miasma when
                  | damaged in melee. [demonic ancestry]
   173 | D:1      | Reached XP level 2. HP: 21/21 MP: 2/2
   238 | D:1      | Found a faded altar of an unknown god.
   558 | D:1      | Reached skill level 2 in Fighting
   865 | D:2      | Gained mutation: A meltable shield of frost defends you.
                  | (SH +4) [demonic ancestry]
   865 | D:2      | Reached XP level 3. HP: 17/27 MP: 3/3
  1423 | D:2      | You pick up a book of Spatial Translocations and begin
                  | reading...
  1423 | D:2      | You add the spells Blink, Momentum Strike and Lesser
                  | Beckoning to your library.
  1448 | D:2      | Gained mutation: A meltable icy envelope protects you from
                  | harm. (AC +8) [demonic ancestry]
  1448 | D:2      | Reached XP level 4. HP: 33/34 MP: 4/4
  1545 | D:2      | Noticed Natasha
  1556 | D:2      | Killed Natasha
  1557 | D:2      | Reached skill level 3 in Fighting
  1794 | D:2      | Noticed Natasha
  1805 | D:2      | Killed Natasha
  1806 | D:2      | Reached skill level 4 in Unarmed Combat
  1981 | D:3      | Gained mutation: Your touch may inflict minor irresistible
                  | damage on your foes. [demonic ancestry]
  1981 | D:3      | Reached XP level 5. HP: 40/41 MP: 5/5
  2111 | D:3      | Identified the +8 short sword "Fijoiche" {drain, rC+ rCorr
                  | Stlth+}
  2144 | D:3      | Found a glowing drain.
  2179 | Sewer    | Entered a sewer
  2238 | Sewer    | Reached skill level 2 in Dodging
  2241 | Sewer    | Reached skill level 4 in Fighting
  2413 | Sewer    | Reached XP level 6. HP: 41/48 MP: 6/6
  2513 | Sewer    | Reached skill level 3 in Dodging
  2607 | Sewer    | Identified a scroll of acquirement
  2608 | Sewer    | Acquired 716 gold pieces
  2845 | D:3      | Found a shimmering altar of Xom.
  2939 | D:3      | Found an ancient bone altar of Kikubaaqudgha.
  3060 | D:4      | Reached skill level 5 in Fighting
  3060 | D:4      | Reached XP level 7. HP: 49/56 MP: 7/7
  3157 | D:4      | Reached skill level 4 in Dodging
  3214 | D:4      | Found Xutzezed's Weapon Shoppe.
  3264 | D:4      | Found a staircase to the Ecumenical Temple.
  3359 | Temple   | Entered the Ecumenical Temple
  3374 | Temple   | Became a worshipper of Gozag Ym Sagoz the Greedy
  3619 | D:4      | Found a bloodstained altar of Trog.
  3869 | D:4      | Bought a runed ring mail for 182 gold pieces
  3885 | D:5      | Entered Level 5 of the Dungeon
  4059 | D:5      | Reached skill level 5 in Unarmed Combat
  4244 | D:5      | Reached skill level 6 in Unarmed Combat
  4244 | D:5      | Reached XP level 8. HP: 46/63 MP: 8/8
  4362 | D:5      | Found a sparkling altar of Nemelex Xobeh.
  5015 | D:6      | Reached skill level 7 in Unarmed Combat
  5320 | D:6      | Reached skill level 8 in Unarmed Combat
  5617 | D:6      | Found a shimmering blue altar of Sif Muna.
  6150 | D:7      | Reached skill level 9 in Unarmed Combat
  6150 | D:7      | Gained mutation: You are partially covered in slimy green
                  | scales. (AC +2) [demonic ancestry]
  6150 | D:7      | Reached XP level 9. HP: 64/68 MP: 7/9
  6443 | D:7      | Reached skill level 1 in Armour
  6473 | D:7      | Paralysed by a hornet for 3 turns
  6477 | D:7      | Paralysed by a hornet for 2 turns
  6480 | D:7      | Reached skill level 6 in Fighting
  6997 | D:8      | Noticed a boulder beetle
  7107 | D:8      | Reached skill level 2 in Armour
  7115 | D:8      | Reached skill level 5 in Dodging
  7141 | D:8      | Reached skill level 3 in Armour
  7154 | D:8      | Killed a boulder beetle
  7155 | D:8      | Reached skill level 7 in Fighting
  7187 | D:8      | Gained mutation: Your touch may inflict irresistible damage
                  | on your foes. [demonic ancestry]
  7187 | D:8      | Reached XP level 10. HP: 61/79 MP: 10/10
  7193 | D:8      | Reached skill level 4 in Armour
  7193 | D:8      | Reached skill level 6 in Dodging
  7579 | D:8      | You add the spells Tukima's Dance, Passage of Golubria and
                  | Yara's Violent Unravelling to your library.
  7845 | D:8      | Noticed a moth of wrath
  7847 | D:8      | Noticed Reshi88's ghost (novice FoFi)
  7870 | D:8      | Found a runed translucent door.
  7878 | D:8      | Found a transporter.
  7879 | D:8      | Found a basalt altar of Yredelemnul.
  7905 | D:8      | Found a transporter.
  8262 | D:8      | Identified the amulet of the Ban {Acrobat rPois rN+}
  8328 | D:9      | Found a staircase to the Orcish Mines.
  8342 | D:9      | Reached skill level 8 in Fighting
  8448 | D:9      | Reached skill level 5 in Armour
  8519 | D:9      | Reached skill level 7 in Dodging
  8610 | D:9      | You pick up a book of Vapours and begin reading...
  8610 | D:9      | You add the spells Poisonous Vapours, Mephitic Cloud and
                  | Freezing Cloud to your library.
  8726 | D:9      | Identified the +4 dagger "Itydael" {freeze, Will- Int+6}
  8989 | D:9      | You pick up a book of Air and begin reading...
  8989 | D:9      | You add the spells Shock, Swiftness and Airstrike to your
                  | library.
  9007 | D:9      | Found a hazy altar of Hepliaklqana.
  9022 | D:10     | Entered Level 10 of the Dungeon
  9073 | D:10     | Found a staircase to the Lair.
  9085 | D:10     | Reached skill level 6 in Armour
  9092 | D:10     | Reached skill level 9 in Fighting
  9103 | D:10     | Reached XP level 11. HP: 73/89 MP: 11/11
  9300 | D:10     | Reached skill level 8 in Dodging
  9562 | D:10     | You pick up a book of Lightning and begin reading...
  9562 | D:10     | You add the spells Vhi's Electric Charge, Arcjolt and
                  | Plasma Beam to your library.
  9564 | D:10     | Noticed Nergalle
  9579 | D:10     | Killed Nergalle
  9580 | D:10     | Reached skill level 10 in Fighting
  9580 | D:10     | Reached skill level 3 in Shapeshifting
  9719 | D:10     | Reached skill level 4 in Shapeshifting
  9950 | D:10     | magus.rc [v1.9.6]
  9959 | Lair:1   | Entered Level 1 of the Lair of Beasts
 10132 | Lair:1   | Reached skill level 5 in Shapeshifting
 10365 | Lair:1   | Reached skill level 6 in Shapeshifting
 10993 | Lair:1   | Noticed Grum
 11005 | Lair:1   | Killed Grum
 11006 | Lair:1   | Reached skill level 7 in Shapeshifting
 11199 | Lair:1   | Gained mutation: Your spells are a little harder to cast,
                  | but a little more powerful. [potion of mutation]
 11199 | Lair:1   | Gained mutation: Your system is resistant to poisons.
                  | (rPois) [potion of mutation]
 11199 | Lair:1   | Gained mutation: You are somewhat resistant to further
                  | mutation. [potion of mutation]
 11454 | Lair:2   | Noticed Amaemon
 11459 | Lair:2   | Killed Amaemon
 11460 | Lair:2   | Gained mutation: You are mostly covered in slimy green
                  | scales. (AC +3) [demonic ancestry]
 11460 | Lair:2   | Reached XP level 12. HP: 77/97 MP: 9/12
 11581 | Lair:2   | Identified the +7 flail of Histrionic Optimality {holy,
                  | *Slow rC+ Int+3 Dex+3}
 11612 | Lair:2   | Reached skill level 8 in Shapeshifting
 11695 | Lair:2   | Found the +7 staff of the Meek {protect, meekguard}
 11721 | Lair:2   | HP: 24/97 [poisoned by a black mamba]
 12122 | Lair:2   | You pick up a book of Beasts and begin reading...
 12122 | Lair:2   | You add the spells Summon Ice Beast, Summon Mana Viper and
                  | Monstrous Menagerie to your library.
 12177 | Lair:2   | Reached skill level 9 in Shapeshifting
 12669 | Lair:3   | Found a gate leading to a gauntlet.
 12894 | Gauntlet | Entered a Gauntlet
 12894 | Gauntlet | Found a transporter.
 12894 | Gauntlet | Found a transporter.
 12894 | Gauntlet | Found a large runed translucent door.
 12894 | Gauntlet | Found a large runed translucent door.
 12894 | Gauntlet | Found a large runed translucent door.
 12894 | Gauntlet | Found a large runed translucent door.
 12894 | Gauntlet | Found a large runed translucent door.
 12894 | Gauntlet | Found a large runed translucent door.
 12894 | Gauntlet | Found a runed translucent door.
 12894 | Gauntlet | Found a runed translucent door.
 12894 | Gauntlet | Found a large runed translucent door.
 12894 | Gauntlet | Found a large runed translucent door.
 12894 | Gauntlet | Found a large runed translucent door.
 12894 | Gauntlet | Found a large runed translucent door.
 12894 | Gauntlet | Found a large runed translucent door.
 12894 | Gauntlet | Found a large runed translucent door.
 12898 | Gauntlet | Found a transporter.
 12898 | Gauntlet | Found a transporter.
 12905 | Gauntlet | Found a transporter.
 12916 | Gauntlet | Found a large runed translucent door.
 12917 | Gauntlet | Found a large runed translucent door.
 12919 | Gauntlet | Found a runed translucent gate.
 12920 | Gauntlet | Found a runed translucent gate.
 12921 | Gauntlet | Found a runed translucent gate.
 12921 | Gauntlet | Found a transporter.
 12921 | Gauntlet | Noticed a death scarab
 12941 | Gauntlet | Found a transporter.
 12943 | Gauntlet | Found a transporter.
 12946 | Gauntlet | Found a transporter.
 12946 | Gauntlet | Found a transporter.
 12953 | Gauntlet | Found a transporter.
 12959 | Gauntlet | Noticed an entropy weaver
 12965 | Gauntlet | Found a transporter.
 13017 | Gauntlet | Found a large runed translucent door.
 13018 | Gauntlet | Found a large runed translucent door.
 13045 | Gauntlet | Found a transporter.
 13061 | Gauntlet | Found a transporter.
 13159 | Gauntlet | Found a transporter.
 13176 | Gauntlet | Found a transporter.
 13273 | Gauntlet | Reached skill level 10 in Shapeshifting
 13273 | Gauntlet | Reached skill level 1 in Evocations
 13300 | Gauntlet | Identified the ring "Gaxirysm" {rN++ Will+ Dex+2 Stlth+}
 13383 | Gauntlet | Reached skill level 2 in Evocations
 13460 | Gauntlet | Noticed a minotaur
 13467 | Gauntlet | HP: 19/97 [minotaur/+2 spear of venom (12)]
 13474 | Gauntlet | HP: 4/97 [minotaur/+2 spear of venom (28)]
 13477 | Gauntlet | Killed a minotaur
 13478 | Gauntlet | Reached skill level 10 in Unarmed Combat
 13478 | Gauntlet | Reached skill level 3 in Evocations
 13640 | Gauntlet | Identified the +1 leather armour of the Dwarven Hall {rF+
                  | rN+ Dex+2}
 13640 | Gauntlet | Identified the +0 ring mail "Elaureno" {rC- Will+ Str+3
                  | Stlth+}
 13641 | Gauntlet | You pick up a book of Death and begin reading...
 13641 | Gauntlet | You add the spells Haunt and Infestation to your library.
 13802 | Lair:3   | Reached skill level 4 in Evocations
 14140 | Lair:3   | Reached skill level 5 in Evocations
 14141 | Lair:3   | Found a staircase to the Swamp.
 14366 | Lair:3   | Gained mutation: Your touch may irresistibly damage your
                  | foes and sap their willpower. [demonic ancestry]
 14366 | Lair:3   | Reached XP level 13. HP: 103/103 MP: 11/13
 14616 | Lair:3   | Reached skill level 6 in Evocations
 15006 | Lair:3   | Found a staircase to the Snake Pit.
 15590 | Lair:4   | Found a staircase to the Slime Pits.
 15822 | Lair:4   | Reached skill level 9 in Dodging
 15932 | Lair:4   | Reached skill level 11 in Fighting
 16243 | Lair:4   | Reached skill level 11 in Unarmed Combat
 16646 | Lair:5   | Entered Level 5 of the Lair of Beasts
 16936 | Lair:5   | Gained mutation: You are robust. (+10% HP) [demonic
                  | ancestry]
 16936 | Lair:5   | Reached XP level 14. HP: 88/125 MP: 10/14
 17148 | Lair:5   | You pick up a book of Cantrips and begin reading...
 17148 | Lair:5   | You add the spells Necrotise, Summon Small Mammal and
                  | Apportation to your library.
 17178 | Lair:5   | Acquired 913 gold pieces
 17181 | Lair:5   | Bought a scroll of blinking for 135 gold pieces
 17181 | Lair:5   | Bought a phantom mirror for 720 gold pieces
 17319 | Lair:5   | Identified the +2 ring mail "Wuh Guull" {Dex+2}
 17512 | Lair:5   | Reached skill level 10 in Dodging
 17698 | Lair:5   | Reached skill level 12 in Fighting
 18069 | Lair:5   | Acquired 878 gold pieces
 18079 | Lair:5   | Reached skill level 12 in Unarmed Combat
 18551 | Lair:5   | Reached skill level 7 in Armour
 18740 | Orc:1    | Entered Level 1 of the Orcish Mines
 19217 | Orc:1    | You fall into a shaft and drop 1 floor!
 19217 | Orc:2    | Entered Level 2 of the Orcish Mines
 19528 | Orc:2    | Found Ziletyt's Self-Improvement Boutique.
 19540 | Orc:2    | Bought a manual of Dodging for 1040 gold pieces
 19540 | Orc:2    | Bought a manual of Unarmed Combat for 1040 gold pieces
 19706 | Orc:2    | Found Vuneddi's General Store.
 19892 | Orc:2    | Found Yptip's General Store.
 19993 | Orc:2    | Bought a wand of roots (5) for 168 gold pieces
 20285 | Orc:2    | Found a staircase to the Elven Halls.
 20543 | Orc:2    | Reached skill level 13 in Unarmed Combat
 20814 | Orc:2    | Reached skill level 11 in Dodging
 21071 | Orc:2    | HP: 29/126 [sixfirhy[an orc high priest] (8)]
 21071 | Orc:2    | HP: 7/126 [orc high priest/divine providence (13)]
 21417 | Orc:2    | Reached skill level 12 in Dodging
 21428 | Orc:2    | HP: 27/126 [orc high priest/divine providence (11)]
 21432 | Orc:2    | Reached skill level 14 in Unarmed Combat
 21832 | Orc:2    | Found Ceruiduj's Jewellery Emporium.
 21832 | Orc:2    | Found Usikk's Antique Weapon Shoppe.
 21833 | Orc:2    | Found a one-way gate leading to the halls of Pandemonium.
 22025 | D:11     | Gained mutation: A meltable icy envelope protects you from
                  | harm. (AC +8) [demonic ancestry]
 22025 | D:11     | Reached XP level 15. HP: 102/132 MP: 11/15
 22096 | D:11     | Found Zaonip's General Store.
 22120 | D:11     | Bought a potion of heal wounds for 85 gold pieces
 22199 | D:11     | Noticed Sonja
 22205 | D:11     | Killed Sonja
 22433 | D:12     | You pick up a book of Misfortune and begin reading...
 22433 | D:12     | You add the spells Inner Flame and Enfeeble to your
                  | library.
 22566 | D:12     | Reached skill level 13 in Dodging
 22645 | D:12     | Noticed Rupert
 22651 | D:12     | Killed Rupert
 22657 | D:12     | Identified the +0 leather armour "Celecs" {rElec rPois
                  | Dex+4 SInv}
 22703 | D:12     | Reached skill level 15 in Unarmed Combat
 22866 | D:12     | Identified the +3 ring mail "Ullec" {rC++}
 23002 | D:12     | Noticed Gastronok
 23013 | D:12     | Killed Gastronok
 23513 | D:13     | You add the spells Cigotuvi's Dreadful Rot and Ignite
                  | Poison to your library.
 23613 | D:13     | You add the spells Borgnjor's Revivification and Death's
                  | Door to your library.
 23998 | D:13     | You pick up a book of Cantrips and begin reading...
 24110 | D:13     | Reached skill level 14 in Dodging
 24446 | D:14     | You pick up a book of Spectacle and begin reading...
 24446 | D:14     | You add the spells Volatile Blastmotes, Dazzling Flash,
                  | Starburst and Maxwell's Capacitive Coupling to your
                  | library.
 24833 | D:14     | Found a frozen archway.
 24849 | D:14     | Reached skill level 16 in Unarmed Combat
 24865 | IceCv    | Entered an ice cave
 24894 | IceCv    | HP: 32/132 [white very ugly thing (9)]
 25149 | IceCv    | Found a transporter.
 25154 | IceCv    | You pick up a book of Debilitation and begin reading...
 25154 | IceCv    | You add the spells Slow, Vampiric Draining and Confusing
                  | Touch to your library.
 25163 | IceCv    | Found a transporter.
 25409 | D:14     | Found a gate to the Vaults.
 25676 | D:14     | Reached skill level 17 in Unarmed Combat
 26077 | D:15     | Entered Level 15 of the Dungeon
 26384 | D:15     | Found a staircase to the Depths.
 26745 | D:15     | Reached skill level 13 in Fighting
 26918 | D:15     | Gained mutation: You are completely covered in slimy green
                  | scales. (AC +4, rPois) [demonic ancestry]
 26918 | D:15     | Reached XP level 16. HP: 143/143 MP: 16/16
 26918 | D:15     | Noticed Azrael
 26936 | D:15     | Killed Azrael
 27764 | Snake:1  | Entered Level 1 of the Snake Pit
 27832 | Snake:1  | Reached skill level 14 in Fighting
 27865 | Snake:1  | Reached skill level 15 in Dodging
 27895 | Snake:1  | Identified the +4 quarterstaff "Beastbane" {venom, rC+ rN+
                  | MP+9}
 27969 | Snake:1  | Reached skill level 8 in Armour
 28120 | Snake:1  | Noticed Nikola
 28133 | Snake:1  | Killed Nikola
 28426 | Snake:1  | Noticed Frances
 28467 | Snake:1  | Killed Frances
 28767 | Snake:2  | Reached skill level 9 in Armour
 28792 | Snake:2  | Found a flickering gateway to a bazaar.
 28804 | Bazaar   | Entered a bazaar
 28806 | Bazaar   | Found Guwu Ips's Armour Boutique.
 28810 | Bazaar   | Found Rueme's Book Boutique.
 28810 | Bazaar   | Found Jala's Weapon Boutique.
 28811 | Bazaar   | Found Usmuts's Armour Boutique.
 28841 | Bazaar   | Bought a +0 pair of boots of rampaging for 126 gold pieces
 28883 | Snake:2  | Found a runed translucent gate.
 28883 | Snake:2  | Found a runed translucent gate.
 28883 | Snake:2  | Found a runed translucent gate.
 28883 | Snake:2  | Noticed Zonian's ghost (adept HOFi)
 28991 | Snake:2  | You pick up a book of Storms and begin reading...
 28991 | Snake:2  | You add the spells Static Discharge and Summon Lightning
                  | Spire to your library.
 30145 | Snake:3  | Reached skill level 10 in Armour
 30152 | Snake:3  | Noticed Asterion
 30220 | Snake:2  | Killed Asterion
 30752 | Snake:3  | Reached skill level 11 in Shapeshifting
 30771 | Snake:3  | You pick up a book of the Moon and begin reading...
 30771 | Snake:3  | You add the spells Silence and Lehudib's Crystal Spear to
                  | your library.
 30822 | Snake:3  | Found Hahusur's Magic Scroll Boutique.
 30822 | Snake:3  | Found Heghy's Magic Scroll Shop.
 30830 | Snake:3  | Bought a scroll of blinking for 150 gold pieces
 30830 | Snake:3  | Bought a scroll of fear for 80 gold pieces
 30844 | Snake:3  | Bought a scroll of enchant armour for 90 gold pieces
 30844 | Snake:3  | Bought a scroll of enchant armour for 90 gold pieces
 30844 | Snake:3  | Bought a scroll of enchant armour for 90 gold pieces
 30844 | Snake:3  | Bought a scroll of enchant armour for 90 gold pieces
 30948 | Snake:3  | Noticed Vashnia
 30960 | Snake:3  | HP: 36/146 [Vashnia/bolt (26)]
 30961 | Snake:4  | Entered Level 4 of the Snake Pit
 30962 | Snake:4  | Noticed Saint Roka
 30967 | Snake:4  | HP: 19/146 [shock serpent/bolt of electricity (7)]
 30993 | Snake:4  | HP: 26/146 [naga/+0 mace (12)]
 31482 | Snake:4  | Found Bodil's One-of-a-Kind Rings.
 31486 | Snake:4  | Bought a +8 ring of evasion for 1014 gold pieces
 31501 | Snake:4  | Noticed Agnes
 31511 | Snake:4  | Killed Agnes
 31589 | Snake:4  | Noticed Roxanne
 31701 | Snake:4  | Killed Saint Roka
 31726 | Snake:4  | Reached XP level 17. HP: 95/152 MP: 8/17
 32089 | Snake:4  | HP: 26/152 [salamander tyrant (31)]
 32569 | Snake:4  | Reached skill level 12 in Shapeshifting
 33617 | Snake:4  | Reached skill level 13 in Shapeshifting
 33670 | Snake:4  | Got a serpentine rune of Zot
 33943 | Swamp:1  | Entered Level 1 of the Swamp
 35027 | Swamp:2  | You pick up a book of Minor Magic and begin reading...
 35027 | Swamp:2  | You add the spells Magic Dart and Call Imp to your library.
 35031 | Swamp:2  | Found a runed translucent door.
 35032 | Swamp:2  | Noticed Qiekomn's ghost (journeyman DsBe)
 35372 | Swamp:2  | You pick up a book of Blood and begin reading...
 35372 | Swamp:2  | You add the spells Sublimation of Blood, Wereblood and
                  | Summon Hydra to your library.
 35445 | Swamp:2  | Reached skill level 14 in Shapeshifting
 36035 | Swamp:3  | HP: 40/182 [will-o-the-wisp/foxfire (21)]
 37018 | Swamp:4  | Entered Level 4 of the Swamp
 37094 | Swamp:4  | Noticed Donald
 37117 | Swamp:4  | Killed Donald
 37359 | Swamp:4  | Gained mutation: You sometimes emit foul miasma when
                  | damaged in melee. [demonic ancestry]
 37359 | Swamp:4  | Reached XP level 18. HP: 154/160 MP: 18/18
 37668 | Swamp:4  | HP: 35/160 [ice dragon/blast of cold (41)]
 37673 | Swamp:4  | Reached skill level 15 in Shapeshifting
 38386 | Swamp:4  | Got a decaying rune of Zot
 38412 | Swamp:4  | Bought a scroll of teleportation for 48 gold pieces
 38412 | Swamp:4  | Bought a scroll of teleportation for 48 gold pieces
 38412 | Swamp:4  | Bought a scroll of blinking for 120 gold pieces
 38412 | Swamp:4  | Bought a scroll of blinking for 120 gold pieces
 38836 | Vaults:1 | Entered Level 1 of the Vaults
 39414 | Vaults:1 | Identified the +0 chain mail of Nemelex Xobeh, Growing
                  | {rElec}
 39986 | Vaults:1 | Found Gosumom's Distillery.
 40219 | Vaults:1 | Reached skill level 16 in Shapeshifting
 40355 | Vaults:1 | Upgraded the game from 0.31-a0-485-gaadceae713 to
                  | 0.31-a0-496-g6f97920a28
 40355 | Vaults:1 | magus.rc [v1.9.6]
 41120 | Vaults:2 | Identified the +5 scale mail "Reiwanaa" {Slay+2}
 42135 | Vaults:2 | Reached skill level 17 in Shapeshifting
 42885 | Vaults:2 | Gained mutation: You frequently emit foul miasma when
                  | damaged in melee. [demonic ancestry]
 42885 | Vaults:2 | Reached XP level 19. HP: 129/167 MP: 15/19
 43232 | Vaults:3 | Found a magical portal.
 43241 | WizLab   | Entered Maxwell's Workshop
 43384 | WizLab   | Identified the ring of Derit {Ice Str+5 Int+2 Dex+3 Stlth+}
 43818 | WizLab   | Reached skill level 18 in Shapeshifting
 44019 | WizLab   | Identified the +2 falchion "Gahur" {pain, *Rage rC+++ rN+++
                  | Int-5}
 44021 | WizLab   | Identified the +9 mace of the Four Curses {flame, rF++
                  | Will- Str+5}
 44066 | WizLab   | Noticed an electric golem
 44101 | WizLab   | Killed an electric golem
 44573 | Vaults:3 | You fall into a shaft and drop 1 floor!
 44840 | Vaults:4 | Reached skill level 18 in Unarmed Combat
 44864 | Vaults:4 | HP: 35/168 [ironbound thunderhulk/bolt of lightning (33)]
 44865 | Vaults:4 | HP: 13/168 [ironbound thunderhulk/bolt of lightning (22)]
 45366 | Vaults:3 | Found a staircase to the Crypt.
 45366 | Vaults:3 | Found an ancient bone altar of Kikubaaqudgha.
 45367 | Vaults:3 | Found a basalt altar of Yredelemnul.
 45501 | Vaults:3 | You pick up a book of Spatial Translocations and begin
                  | reading...
 45528 | Vaults:3 | Found Otolaledd's Armour Boutique.
 45541 | Vaults:3 | Reached skill level 15 in Fighting
 46152 | Vaults:3 | You pick up a book of Dangerous Friends and begin
                  | reading...
 46152 | Vaults:3 | You add the spells Summon Guardian Golem, Orb of
                  | Destruction and Spellforged Servitor to your library.
 47039 | Vaults:4 | Gained mutation: You are very robust. (+20% HP) [demonic
                  | ancestry]
 47039 | Vaults:4 | Reached XP level 20. HP: 172/196 MP: 20/20
 47248 | Vaults:4 | Reached skill level 16 in Fighting
 47333 | Vaults:4 | Reached skill level 19 in Unarmed Combat
 47483 | Vaults:4 | Paralysed by a sphinx for 3 turns
 48695 | Vaults:4 | Identified the ring "Wasuufas" {rPois Will+ Str-5 SInv}
 48961 | Depths:1 | Entered Level 1 of the Depths
 49145 | Depths:1 | T - a +2 quick blade of draining {shortrare=g}
 49216 | Depths:1 | Reached skill level 17 in Fighting
 49410 | Depths:1 | You add the spells Sticky Flame and Ignition to your
                  | library.
 49712 | Depths:1 | Found a one-way gateway to a ziggurat.
 49936 | Depths:1 | Found a hide-covered altar of Uskayaw.
 50180 | Depths:1 | Found a gateway to Hell.
 50538 | Depths:2 | Reached skill level 20 in Unarmed Combat
 51137 | Depths:2 | Reached skill level 18 in Fighting
 51428 | Depths:1 | Bought a granite talisman for 1040 gold pieces
 51430 | Depths:1 | You drop a +2 quick blade of draining {shortrare=g}.
 51532 | Depths:2 | Reached XP level 21. HP: 190/213 MP: 15/21
 51644 | Depths:2 | c - a +1 vampiric quick blade {shortrare=g}
 51888 | Depths:2 | Noticed a curse skull
 51893 | Depths:2 | Killed a curse skull
 51897 | Depths:2 | Found a runed door.
 51923 | Depths:2 | You fall into a shaft and drop 2 floors!
 51923 | Depths:4 | Entered Level 4 of the Depths
 51923 | Depths:4 | Found a gate to the Realm of Zot.
 51930 | Depths:4 | Found a one-way gate to the infinite horrors of the Abyss.
 51949 | Depths:4 | Reached skill level 19 in Fighting
 52317 | Depths:4 | O - a +2 vampiric quick blade {shortrare=g}
 52369 | Depths:4 | Reached skill level 20 in Fighting
 52636 | Depths:4 | Found Xenol's Magic Scroll Boutique.
 52641 | Depths:4 | You pick up a book of Unlife and begin reading...
 52641 | Depths:4 | You add the spells Borgnjor's Vile Clutch and Death Channel
                  | to your library.
 52648 | Depths:4 | Bought a scroll of revelation for 157 gold pieces
 53352 | Depths:2 | Noticed an ancient lich
 53357 | Depths:2 | Noticed an ancient lich
 53358 | Depths:2 | Killed an ancient lich
 53373 | Depths:2 | Killed an ancient lich
 53402 | Depths:2 | Identified the ring of Vaalecw {rElec rPois rF+}
 53404 | Depths:2 | Identified the +1 robe "Nocafraj" {rC- Str+5 SInv Archmagi}
 53428 | Depths:2 | Identified the +0 flail of Ixtiff {drain, Str+3 Stlth+}
 53523 | Depths:2 | Acquired a manual of Unarmed Combat
 53525 | Depths:2 | Acquired a manual of Armour
 53714 | Depths:3 | Noticed a golden dragon
 53801 | Depths:3 | Killed a golden dragon
 53802 | Depths:3 | Reached skill level 11 in Armour
 53850 | Depths:3 | Noticed a juggernaut
 53858 | Depths:3 | Killed a juggernaut
 54032 | Depths:3 | Gained mutation: You are extremely robust. (+30% HP)
                  | [demonic ancestry]
 54032 | Depths:3 | Reached XP level 22. HP: 249/249 MP: 22/22
 54415 | Depths:3 | Found an opulent altar of Gozag.
 54530 | Depths:4 | Found Amuwirr's Book Boutique.
 54534 | Depths:4 | Found Vanibeir's Antique Weapon Emporium.
 54649 | Depths:4 | Reached skill level 12 in Armour
 54765 | Depths:4 | Found Womp's Armour Boutique.
 54828 | Depths:4 | Found Aweed's Weapon Shop.
 55171 | Vaults:5 | Entered Level 5 of the Vaults
 55180 | Vaults:4 | Reached skill level 21 in Unarmed Combat
 55344 | Vaults:4 | Reached skill level 13 in Armour
 56269 | Vaults:5 | Reached skill level 14 in Armour
 56288 | Vaults:5 | Reached skill level 22 in Unarmed Combat
 56338 | Vaults:5 | Identified the amulet "Racsyc" {Reflect Will+ SH+5}
 56349 | Vaults:5 | Identified the ring "Jenlaev" {rF+ Int+2 Dex+6}
 56349 | Vaults:5 | a deep elf zephyrmancer comes into view. It is wielding the
                  | +16 obsidian axe {drain, demonic, Mesm Drain Fly SInv},
                  | wearing the ring "Jenlaev" {rF+ Int+2 Dex+6} and carrying a
                  | wand of light.
 56444 | Vaults:5 | You drop a +1 vampiric quick blade {shortrare=g}.
 56445 | Vaults:5 | You drop a +2 vampiric quick blade {shortrare=g}.
 56471 | Vaults:5 | Identified the +1 robe "Forget-Me-Not" {rF+ Str+9 Dex-5}
 56487 | Vaults:5 | You pick up a book of Death and begin reading...
 56495 | Vaults:5 | Identified the staff "Funynug" {rElec rF- rN+ rCorr Necro
                  | Ice}
 56595 | Vaults:5 | You pick up a book of the Moon and begin reading...
 56600 | Vaults:5 | Identified the +6 falchion "Tatits" {heavy, rPois Int+2
                  | Dex+4}
 56874 | Vaults:5 | Reached skill level 15 in Armour
 57098 | Vaults:5 | Reached skill level 16 in Armour
 57181 | Vaults:5 | Identified the ring of Fuoczuaz {rC++ SInv}
 57202 | Vaults:4 | Reached skill level 7 in Evocations
 57285 | Vaults:5 | Reached skill level 8 in Evocations
 57338 | Vaults:5 | Acquired 652 gold pieces
 57344 | Vaults:5 | Identified the staff "Pyclad" {rC+ Ice Air}
 57447 | Vaults:5 | Reached skill level 9 in Evocations
 57517 | Vaults:5 | You pick up a book of Blood and begin reading...
 57519 | Vaults:5 | Got a silver rune of Zot
 57818 | Depths:1 | Bought the ring of Intercession {rF++ rC+ Will- Str+6} for
                  | 752 gold pieces
 57884 | Zot:1    | Entered Level 1 of the Realm of Zot
 57925 | Zot:1    | Reached skill level 10 in Evocations
 58011 | Zot:1    | You pick up a book of Unlife and begin reading...
 58032 | Zot:1    | Reached skill level 11 in Evocations
 58032 | Zot:1    | Reached XP level 23. HP: 257/257 MP: 23/23
 58096 | Zot:2    | Noticed an orb of fire
 58109 | Zot:2    | Killed an orb of fire
 58110 | Zot:2    | Reached skill level 12 in Evocations
 58213 | Zot:3    | Noticed a curse toe
 58219 | Zot:3    | Reached skill level 13 in Evocations
 58232 | Zot:3    | Killed a curse toe
 58254 | Zot:3    | Reached skill level 14 in Evocations
 58261 | Zot:3    | Identified the +1 plate armour "Quraesm" {rN+++ Str-4
                  | Slay+6}
 58474 | Zot:5    | Entered Level 5 of the Realm of Zot
 58675 | Zot:5    | You pick up a book of Touch and begin reading...
 58675 | Zot:5    | You add the spells Kiss of Death and Dispel Undead to your
                  | library.
 58713 | Zot:5    | Reached skill level 21 in Fighting
 58785 | Zot:5    | Noticed an electric golem
 58818 | Zot:5    | Killed an electric golem
 58837 | Zot:5    | Noticed an ancient lich
 58847 | Zot:5    | Noticed an orb of fire
 58848 | Zot:5    | Noticed an orb of fire
 58848 | Zot:5    | Noticed an orb of fire
 58856 | Zot:5    | Noticed an orb of fire
 58858 | Zot:5    | Gained mutation: Potions are less effective at restoring
                  | your health. [an orb of fire]
 58859 | Zot:5    | Noticed an orb of fire
 58859 | Zot:5    | Noticed a dread lich
 58861 | Zot:5    | Noticed a Killer Klown
 58863 | Zot:5    | Killed an orb of fire
 58915 | Zot:5    | Reached skill level 22 in Fighting
 58924 | Zot:5    | Got the Orb of Zot
 58929 | Zot:5    | Noticed an orb of fire
 58979 | Zot:5    | Killed a Killer Klown
 58979 | Zot:5    | Killed a dread lich
 58996 | Zot:5    | Killed an ancient lich
 59196 | Zot:1    | Noticed Xaotul the pandemonium lord
 59200 | Zot:1    | Killed Xaotul the pandemonium lord
 59459 | D:9      | Noticed Igotegg the pandemonium lord
 59475 | D:9      | Killed Igotegg the pandemonium lord
 59486 | D:9      | Noticed an ancient lich
 59488 | D:9      | Noticed Loeqosaguh the pandemonium lord
 59525 | D:7      | Noticed Parydagg the pandemonium lord
 59531 | D:7      | Killed Parydagg the pandemonium lord
 59549 | D:6      | Reached skill level 23 in Unarmed Combat
 59549 | D:6      | Reached XP level 24. HP: 275/275 MP: 23/23
 59656 | D:$      | Escaped with the Orb!

Vanquished Creatures
  2 orbs of fire
  2 ancient liches (Depths:2)
  A juggernaut (Depths:3)
  Saint Roka (Snake:4)
  A curse toe (Zot:3)
  3 golden dragons
  3 pandemonium lords
  Nikola (Snake:1)
  A Brimstone Fiend (D:15)
  2 electric golems
  10 tentacled monstrosities
  An Ice Fiend (Zot:1)
  Rupert (D:12)
  16 Orb Guardians
  A walking frostbound tome (Depths:3)
  Asterion (Snake:2)
  5 liches
  5 titans
  5 quicksilver dragons
  5 sphinxes
  Gastronok (D:12)
  A walking divine tome (Depths:4)
  A thorn hunter (Swamp:3)
  5 death cobs
  Frances (Snake:1)
  Agnes (Snake:4)
  6 shadow dragons
  Donald (Swamp:4)
  16 storm dragons
  An azure jelly (Swamp:4)
  9 tengu reavers
  A nagaraja (Snake:2)
  13 fire giants
  A draconian knight (Zot:3)
  8 frost giants
  A balrug (Depths:4)
  3 deep elf sorcerers (Depths:2)
  23 vault wardens
  A ghost moth (Zot:4)
  2 draconian scorchers (Zot:3)
  A juggernaut zombie (D:15)
  A curse skull (Depths:2)
  3 draconian stormcallers
  2 orc warlords
  4 spriggan defenders
  16 very ugly things
  2 formless jellyfish
  12 stone giants
  2 draconian annihilators
  16 ironbound preservers
  5 war gargoyles
  12 ironbound thunderhulks
  Azrael (D:15)
  A vampire knight (Depths:3)
  2 red draconians
  5 eleionomae
  5 green draconians
  2 lorocyprocas (D:9)
  23 dire elephants
  2 yellow draconians
  3 deep elf demonologists
  5 purple draconians
  8 white draconians
  6 bunyips
  2 deep elf annihilators
  A minotaur (Gauntlet)
  A spark wasp (Depths:1)
  A black draconian (Zot:5)
  3 deep elf death magi
  11 ettins
  2 jiangshi (Depths:1)
  A crystal guardian (WizLab)
  5 fire dragons
  12 great orbs of eyes
  19 yaktaur captains
  A rakshasa (Depths:3)
  A spriggan zombie (Depths:3)
  3 deep elf high priests (Vaults:5)
  A salamander tyrant (Snake:4)
  An entropy weaver (Vaults:1)
  6 peacekeepers (WizLab)
  11 ice dragons
  A ghost crab (Swamp:2)
  10 anacondas
  7 spriggan air magi
  3 catoblepae (Lair:5)
  2 demonspawn (Orc:2)
  46 vault guards
  2 ogre magi
  A death knight (D:14)
  5 hydras
  9 alligators
  9 ironbound frosthearts
  9 centaur warriors
  7 death yaks
  6 boulder beetles
  6 two-headed ogres
  5 tengu warriors
  2 deep troll shamans (Depths:2)
  8 naga warriors
  5 shock serpents
  6 vampire magi
  9 deep troll earth magi
  4 spriggan berserkers
  12 naga sharpshooters
  3 hell hogs (D:6)
  6 orc high priests (Orc:2)
  Sonja (D:11)
  3 sun demons
  5 soul eaters (Depths:2)
  8 hell knights
  4 salamander mystics (Snake:4)
  A deep elf knight (Vaults:5)
  A fire crab (Gauntlet)
  Amaemon (Lair:2)
  A sixfirhy (Zot:5)
  Nergalle (D:10)
  2 skeletal warriors (D:15)
  9 iron trolls
  5 sea snakes (Snake:3)
  2 storm dragon skeletons
  3 spriggan druids
  6 goliath frogs
  48 deep trolls
  3 flayed ghosts
  A spark wasp zombie (Depths:3)
  4 glowing orange brains
  A glowing orange brain (shapeshifter) (Vaults:5)
  10 ironbound convokers
  3 naga ritualists
  A golden dragon zombie (Depths:2)
  A swamp dragon (Swamp:3)
  14 lindwurms
  A golden dragon skeleton (Depths:2)
  5 wizards
  3 bog bodies
  4 deep elf zephyrmancers
  7 necromancers
  31 ugly things
  8 harpies
  9 orc knights
  5 phantasmal warriors
  A shining eye (shapeshifter) (Vaults:5)
  A frost giant zombie (D:15)
  A wolf spider (shapeshifter) (Depths:3)
  11 salamanders
  8 orc sorcerers
  6 deep elf pyromancers
  4 will-o-the-wisps
  10 mana vipers
  2 manticores (Lair:5)
  5 cyclopes
  10 elephants
  A frost giant skeleton (D:15)
  6 moths of wrath
  6 guardian serpents
  8 naga magi
  5 gargoyles (WizLab)
  5 rust devils
  32 black mambas
  2 orange demons
  2 smoke demons
  20 vault sentinels
  A molten gargoyle (WizLab)
  A torpor snail (Lair:5)
  A cane toad (shapeshifter) (Vaults:5)
  2 water nymphs (Swamp:2)
  7 cane toads
  2 efreet
  3 unseen horrors
  6 rime drakes
  21 yaktaurs
  10 freezing wraiths
  A tengu conjurer (D:13)
  5 komodo dragons
  4 ice devils
  A spark wasp simulacrum (Depths:2)
  A tormentor (Zot:3)
  8 trolls
  A meliai (shapeshifter) (Vaults:5)
  A merfolk (D:10)
  5 polar bears
  3 meliai (D:15)
  A red devil (Depths:4)
  A merfolk (shapeshifter) (Vaults:5)
  A shadow dragon simulacrum (Depths:3)
  14 hornets
  6 tyrant leeches
  A hellwing (Zot:1)
  17 dream sheep
  36 blink frogs
  30 slime creatures
  13 spriggans
  3 wraiths
  A culicivora (shapeshifter) (Vaults:5)
  5 water elementals (Depths:1)
  6 wyverns
  9 large abominations
  A spriggan (shapeshifter) (Vaults:5)
  A dire elephant simulacrum (IceCv)
  5 shadows
  6 fire elementals
  65 yaks
  A basilisk (D:15)
  3 chaos spawn (Depths:4)
  4 fire bats (Gauntlet)
  Grum (Lair:1)
  2 vampires (D:13)
  4 golden eyes (Zot:1)
  2 steam dragons (D:8)
  4 vampire mosquitoes (D:10)
  5 swamp worm simulacra (Swamp:4)
  6 swamp worms
  9 hell hounds
  20 nagas
  4 wargs
  11 hydra simulacra (Swamp:4)
  A floating eye (shapeshifter) (Vaults:5)
  15 water moccasins
  3 small abominations (Depths:4)
  5 ice beasts
  3 sky beasts
  A swamp drake (Swamp:2)
  A black bear (D:5)
  28 orc warriors
  6 alligator simulacra (IceCv)
  12 centaurs
  A boggart (Vaults:2)
  8 ogres
  10 wolves
  2 phantoms (D:4)
  4 kobold brigands
  16 bullfrogs
  5 scorpions
  5 earth elementals (WizLab)
  9 wights (D:9)
  A lindwurm simulacrum (IceCv)
  3 howler monkeys
  7 killer bees
  7 electric eels
  4 crimson imps (D:13)
  5 lava snakes
  2 hounds (D:5)
  3 jellies
  3 gnoll boudas
  21 orc priests
  3 iguanas (D:5)
  2 sleepcaps (D:8)
  10 orc wizards
  Natasha (twice) (D:2)
  4 hell rats (Lair:1)
  2 lightning spires (WizLab)
  16 gnolls
  6 river rats (Sewer)
  13 adders
  5 white imps
  An ufetubus (D:5)
  3 swamp drake simulacra (Swamp:4)
  3 worms
  53 orcs
  19 ball pythons
  7 endoplasms
  3 giant cockroaches
  7 goblins
  6 hobgoblins
  12 jackals
  23 kobolds
  5 quokkas
  5 bats
  5 frilled lizards
  33 rats
1746 creatures vanquished.

Vanquished Creatures (collateral kills)
  An ancient lich (Zot:5)
  6 Orb Guardians (Zot:5)
  A black draconian (Zot:5)
  A purple draconian (Zot:5)
  A yellow draconian (Zot:5)
  A white draconian (Zot:5)
  A demonspawn (Orc:2)
  2 orc high priests (Orc:2)
  2 ugly things (D:14)
  A moth of wrath (Zot:5)
  2 yaks (D:10)
  A basilisk (D:10)
  3 orc warriors (Orc:2)
  3 orc priests (Orc:2)
  5 orcs (Orc:2)
31 creatures vanquished.

Vanquished Creatures (others)
  A dread lich (Zot:5)
  A Killer Klown (Zot:5)
  A tentacled monstrosity (Zot:5)
  6 Orb Guardians (Zot:5)
  A balrug (Zot:5)
  A cacodemon (Zot:5)
  2 sun demons (Zot:5)
  A sixfirhy (Zot:5)
  An obsidian statue (Zot:5)
  An ugly thing (D:14)
  A toenail golem (Zot:5)
  An orange demon (Zot:5)
  A smoke demon (Zot:5)
  A bloated husk (Swamp:4)
  A human (Depths:2)
  A swamp worm (Swamp:4)
  A centaur (D:15)
  An orc wizard (D:6)
  An orc (D:15)
  20 foxfires
45 creatures vanquished.

Grand Total: 1822 creatures vanquished

Table legend:
 A = Non-vault XP
 B = Vault XP
 C = Vault XP percentage of total XP
 D = Non-vault monster count
 E = Vault monster count
 F = Vault count percentage of total count
                 A         B        C        D         E       F
            +---------+---------+-------+---------+---------+-------
      Total |  537097 |  414423 |  43.6 |    1088 |     655 |  37.6
            +---------+---------+-------+---------+---------+-------
        D:1 |      36 |       0 |   0.0 |      21 |       0 |   0.0
        D:2 |     103 |      35 |  25.4 |      21 |       1 |   4.5
        D:3 |      92 |       6 |   6.1 |      19 |       4 |  17.4
        D:4 |     352 |       0 |   0.0 |      19 |       0 |   0.0
        D:5 |     700 |      43 |   5.8 |      21 |       1 |   4.5
        D:6 |     550 |       0 |   0.0 |      12 |       0 |   0.0
        D:7 |    1521 |       0 |   0.0 |      21 |       0 |   0.0
        D:8 |    1546 |    1882 |  54.9 |      22 |      16 |  42.1
        D:9 |    3152 |       0 |   0.0 |      40 |       0 |   0.0
       D:10 |    1310 |    3220 |  71.1 |      15 |      14 |  48.3
       D:11 |    3097 |     788 |  20.3 |      12 |       1 |   7.7
       D:12 |    5782 |    3280 |  36.2 |      18 |       4 |  18.2
       D:13 |    7251 |    1021 |  12.3 |      19 |      10 |  34.5
       D:14 |    7960 |    6983 |  46.7 |      15 |       8 |  34.8
       D:15 |   15364 |   10015 |  39.5 |      36 |      17 |  32.1
     Lair:1 |    5649 |     543 |   8.8 |      24 |       4 |  14.3
     Lair:2 |    5517 |    1204 |  17.9 |      21 |       2 |   8.7
     Lair:3 |    8228 |    2686 |  24.6 |      38 |       8 |  17.4
     Lair:4 |   15619 |       0 |   0.0 |      45 |       0 |   0.0
     Lair:5 |   10049 |    9950 |  49.8 |      35 |      28 |  44.4
    Swamp:1 |   10308 |       0 |   0.0 |      21 |       0 |   0.0
    Swamp:2 |   12834 |    2902 |  18.4 |      21 |       4 |  16.0
    Swamp:3 |   12180 |       0 |   0.0 |      17 |       0 |   0.0
    Swamp:4 |    5983 |    9141 |  60.4 |      13 |      28 |  68.3
    Snake:1 |    8906 |    3570 |  28.6 |      17 |       2 |  10.5
    Snake:2 |   11065 |    1306 |  10.6 |      23 |       1 |   4.2
    Snake:3 |   14491 |    1596 |   9.9 |      26 |       2 |   7.1
    Snake:4 |    9535 |   32325 |  77.2 |      20 |      57 |  74.0
      Orc:1 |    3016 |       0 |   0.0 |      24 |       0 |   0.0
      Orc:2 |    2761 |   18174 |  86.8 |      24 |      64 |  72.7
   Vaults:1 |   15726 |   11371 |  42.0 |      30 |      12 |  28.6
   Vaults:2 |   41082 |   11217 |  21.4 |      58 |      14 |  19.4
   Vaults:3 |   28642 |   25597 |  47.2 |      33 |      32 |  49.2
   Vaults:4 |   40487 |   66057 |  62.0 |      49 |      70 |  58.8
   Vaults:5 |   16040 |   52006 |  76.4 |      23 |      54 |  70.1
   Depths:1 |   37989 |    3031 |   7.4 |      46 |       3 |   6.1
   Depths:2 |   40961 |   28911 |  41.4 |      51 |      24 |  32.0
   Depths:3 |   19862 |   17122 |  46.3 |      25 |      11 |  30.6
   Depths:4 |   28484 |   16695 |  37.0 |      28 |      28 |  50.0
      Zot:1 |   11037 |    3018 |  21.5 |      10 |       2 |  16.7
      Zot:2 |   10711 |    3330 |  23.7 |       5 |       2 |  28.6
      Zot:3 |   24823 |       0 |   0.0 |      19 |       0 |   0.0
      Zot:4 |   12412 |       0 |   0.0 |       8 |       0 |   0.0
      Zot:5 |   23884 |   34604 |  59.2 |      23 |      20 |  46.5
      Sewer |       0 |     355 | 100.0 |       0 |      51 | 100.0
      IceCv |       0 |    2143 | 100.0 |       0 |       9 | 100.0
     WizLab |       0 |   25086 | 100.0 |       0 |      37 | 100.0
   Gauntlet |       0 |    3210 | 100.0 |       0 |      10 | 100.0
            +---------+---------+-------+---------+---------+-------

Skill      XL: |  1  2  3  4  5  6  7  8  9 10 11 12 13 14 15 16 17 18 19 20 21 22 23 |
---------------+----------------------------------------------------------------------+-----
Unarmed Combat | 3 4 6 9 10 11 14 17 18 20 22 23 | 23.0
Fighting       | 2 3 4 5 7 9 10 11 12 13 14 15 18 20 22 | 22.7
Dodging        | 2 3 4 5 7 8 9 12 14 15 | 15.0
Armour         | 3 6 7 10 11 16 | 16.0
Shapeshifting  | 7 10 11 14 17 18 | 18.4
Evocations     | 5 6 11 14 | 14.8

Action                     |  1- 3 |  4- 6 |  7- 9 | 10-12 | 13-15 | 16-18 | 19-21 | 22-24 || total
---------------------------+-------+-------+-------+-------+-------+-------+-------+-------++-------
  Melee: Unarmed           |   111 |    83 |   163 |   504 |  1035 |  1360 |  1330 |   682 ||  5268
         Punch             |     1 |     3 |     8 |    25 |   105 |   179 |   263 |   108 ||   692
         Short sword       |       |   114 |    65 |       |       |       |       |       ||   179
         Touch             |       |    11 |    42 |   110 |   278 |   296 |   329 |   120 ||  1186
         Constrict         |       |       |       |    12 |       |    36 |       |       ||    48
         Maw               |       |       |       |       |    23 |   172 |   315 |       ||   510
         Bite              |       |       |       |       |       |     7 |       |       ||     7
         Tailslap          |       |       |       |       |       |     6 |       |       ||     6
 Invoke: Call Merchant     |       |       |     1 |       |     4 |     2 |     1 |       ||     8
         Bribe Branch      |       |       |       |       |       |       |       |     2 ||     2
  Evoke: Wand              |       |       |       |     1 |    22 |    22 |     3 |       ||    48
         Lightning rod     |       |       |       |       |     5 |     4 |       |       ||     9
         Phantom mirror    |       |       |       |       |     1 |     1 |       |       ||     2
    Use: Scroll            |       |     7 |     5 |     7 |    21 |    14 |     6 |     6 ||    66
         Potion            |       |     1 |       |     6 |       |     5 |     2 |    10 ||    24
   Stab: Sleeping          |     1 |       |     1 |     2 |     9 |    13 |     4 |     3 ||    33
         Distracted        |       |       |     1 |     1 |     7 |     8 |    20 |    10 ||    47
         Invisible         |       |       |       |     2 |     2 |       |       |       ||     4
         Confused          |       |       |       |       |       |       |       |     3 ||     3
 Armour: Animal skin       |    12 |       |       |       |       |       |       |       ||    12
         Ring mail         |    10 |    76 |    68 |   145 |   261 |   103 |       |       ||   663
         Skin              |       |    64 |       |    13 |    17 |   134 |   332 |   401 ||   961
  Dodge: Dodged            |    67 |   140 |    71 |   364 |   638 |  1110 |  1361 |   837 ||  4588
  Block: Other             |     5 |    63 |    25 |    62 |   138 |   139 |   216 |   315 ||   963
         Reflection        |       |       |       |       |       |       |     2 |     9 ||    11
   Form: Anaconda          |       |       |       |     2 |       |     2 |       |       ||     4
         Beast             |       |       |       |     1 |     3 |     2 |       |       ||     6
                           |       |       |       |       |     1 |     2 |       |       ||     3
         Maw               |       |       |       |       |     1 |     3 |       |       ||     4
         Dragon            |       |       |       |       |       |     1 |       |       ||     1
         Statue            |       |       |       |       |       |       |     1 |       ||     1

Illustrated notes

Table legend:
 A = Kills in this place as a percentage of kills in the entire game.
 B = Kills by you in this place as a percentage of kills by you in the entire game.
 C = Kills by friends in this place as a percentage of kills by friends in the entire game.
 D = Other kills in this place as a percentage of other kills in the entire game.
 E = Experience gained in this place as a percentage of experience gained in the entire game.
 F = Experience gained in this place divided by the number of levels of this place that you have seen.
                   A       B       C       D       E      F
               +-------+-------+-------+-------+-------+----------------------
         Total | 100.0 | 100.0 | 100.0 | 100.0 | 100.0 | 19786.2
       Dungeon |  22.5 |  22.6 |  16.7 |  16.7 |   9.9 | 6531.3
          Lair |  11.5 |  11.7 |   0.0 |   0.0 |   6.0 | 11889.0
         Swamp |   5.8 |   6.0 |   0.0 |   0.0 |   5.4 | 13337.0
     Snake Pit |   8.3 |   8.5 |   0.0 |   0.0 |   8.4 | 20698.5
  Orcish Mines |   6.3 |   5.6 |  46.7 |   0.0 |   2.4 | 11975.5
        Vaults |  21.0 |  21.5 |   0.0 |   0.0 |  31.2 | 61645.0
        Depths |  12.6 |  12.8 |   0.0 |   0.0 |  20.0 | 49502.5
           Zot |   5.9 |   5.2 |  36.7 |  83.3 |  13.6 | 26955.0
         Sewer |   2.9 |   2.9 |   0.0 |   0.0 |   0.0 | 355.0
      Ice Cave |   0.5 |   0.5 |   0.0 |   0.0 |   0.2 | 2143.0
        Wizlab |   2.1 |   2.1 |   0.0 |   0.0 |   2.5 | 25086.0
      Gauntlet |   0.6 |   0.6 |   0.0 |   0.0 |   0.3 | 3210.0
               +-------+-------+-------+-------+-------+----------------------

Table legend: (Time is in decaauts)
 A = Elapsed time spent in this place.
 B = Non-inter-level travel time spent in this place.
 C = Inter-level travel time spent in this place.
 D = Time resting spent in this place.
 E = Time spent auto-exploring this place.
 F = Levels seen in this place.
 G = Mean time per level.
                   A        B        C        D        E       F      G
               +--------+--------+--------+--------+--------+-----+--------+
         Total |  62286 |  58287 |   3999 |  12078 |  33241 |  50 | 1245.7 |
       Dungeon |  16049 |  14522 |   1527 |   2029 |   9832 |  15 | 1069.9 |
        Temple |     30 |     15 |     15 |      0 |      0 |   1 |   30.0 |
          Lair |   7976 |   7541 |    435 |    895 |   5453 |   5 | 1595.2 |
         Swamp |   4515 |   4369 |    146 |    950 |   2729 |   4 | 1128.8 |
     Snake Pit |   5906 |   5672 |    234 |   1275 |   3270 |   4 | 1476.5 |
  Orcish Mines |   2992 |   2932 |     60 |   1112 |   1154 |   2 | 1496.0 |
        Vaults |  12408 |  11506 |    902 |   2937 |   5841 |   5 | 2481.6 |
        Depths |   7710 |   7135 |    575 |   1671 |   3713 |   4 | 1927.5 |
           Zot |   1887 |   1786 |    101 |    319 |    276 |   5 |  377.4 |
        Bazaar |     66 |     66 |      0 |      0 |     27 |   1 |   66.0 |
         Sewer |    474 |    474 |      0 |     98 |    152 |   1 |  474.0 |
      Ice Cave |    318 |    318 |      0 |    232 |      0 |   1 |  318.0 |
        Wizlab |   1131 |   1131 |      0 |    314 |    491 |   1 | 1131.0 |
      Gauntlet |    819 |    819 |      0 |    243 |    301 |   1 |  819.0 |
               +--------+--------+--------+--------+--------+-----+--------+

Top non-repeatable levels by time:
Vaults:4: 3849 daAuts
 Snake:4: 2754 daAuts
   Orc:2: 2626 daAuts
Vaults:2: 2453 daAuts
Depths:1: 2419 daAuts
Vaults:1: 2222 daAuts
Vaults:3: 2061 daAuts
Depths:2: 2059 daAuts
  Lair:5: 1947 daAuts
  Lair:3: 1872 daAuts
Vaults:5: 1819 daAuts
    D:14: 1794 daAuts
Depths:4: 1625 daAuts
Depths:3: 1606 daAuts
 Snake:2: 1523 daAuts
